 Dungeon Crawl Stone Soup version 0.24.0-1-gfbc8707 (webtiles) character file.

Game seed: 4079038523745774579, levelgen mode: deterministic

199 Charmandara the Caller (level 5, -3/38 HPs)
             Began as a Demigod Summoner on Nov 4, 2019.
             Killed from afar by an orc wizard (6 damage)
             ... with a magic dart
             ... on level 3 of the Dungeon.
             The game lasted 00:05:03 (2240 turns).

Charmandara the Caller (Demigod Summoner)           Turns: 2240, Time: 00:05:04

Health: -3/38      AC:  5    Str: 11    XL:     5   Next: 23%
Magic:  11/11      EV: 16    Int: 21    God:
Gold:   152        SH:  0    Dex: 25    Spells: 6/9 levels left

rFire    + . .     SeeInvis .   i - +0 quarterstaff
rCold    . . .     Gourm    .   (shield currently unavailable)
rNeg     . . .     Faith    .   k - +0 ring mail
rPois    .         Spirit   .   (no helmet)
rElec    .         Reflect  .   (no cloak)
rCorr    .         Harm     .   (no gloves)
MR       .....                  (no boots)
Stlth    +++.......             m - amulet of magic regeneration
HPRegen  0.12/turn              l - +4 ring of dexterity
MPRegen  0.37/turn              j - ring of protection from fire {rF+, !d}

@: agile
A: high mp 1
a: no special abilities


You were on level 3 of the Dungeon.
You were not hungry.

You visited 1 branch of the dungeon, and saw 3 of its levels.

You collected 152 gold pieces.

Inventory:

Hand Weapons
 d - a +0 short sword
   (You took it off a kobold on level 1 of the Dungeon)
 i - a +0 quarterstaff (weapon)
   (You found it on level 2 of the Dungeon)
Armour
 a - a +0 robe
 k - a +0 ring mail (worn)
   (You found it on level 1 of the Dungeon)
Jewellery
 j - a ring of protection from fire (right hand) {rF+, !d}
   (You found it on level 1 of the Dungeon)
 l - a +4 ring of dexterity (left hand)
   (You found it on level 1 of the Dungeon)
 m - an amulet of magic regeneration (around neck)
   (You found it on level 2 of the Dungeon)
Wands
 n - a wand of flame (18)
   (You found it on level 2 of the Dungeon)
Scrolls
 e - 3 scrolls of remove curse
Potions
 o - a potion of mutation {!q}
Comestibles
 b - a chunk of flesh {@w0}
 c - 6 rations


   Skills:
 - Level 1.7 Dodging
 - Level 1.7 Stealth
 + Level 2.6 Spellcasting
 * Level 5.8 Summonings


You had 6 spell levels left.
You knew the following spells:

 Your Spells              Type           Power        Failure   Level  Hunger
a - Summon Small Mammal   Summ           ####         3%          1    None
c - Call Imp              Summ           ####....     4%          2    ##.....

Your spell library contained the following spells:

 Spells                   Type           Power        Failure   Level  Hunger
 Call Canine Familiar     Summ           ####....     10%         3    ###....
 Summon Guardian Golem    Hex/Summ       ##......     30%         3    ###....
 Summon Ice Beast         Ice/Summ       ##......     71%         4    ####...
 Summon Lightning Spire   Summ/Air       ##......     71%         4    ####...


Dungeon Overview and Level Annotations

Branches:
Dungeon (3/15)


Innate Abilities, Weirdness & Mutations

You have an increased reservoir of magic. (+10% MP)


Message History

You butcher the frilled lizard corpse.
The orc shouts!
An orc comes into view. It is wielding a +0 dagger.
There is an open door here.
Things that are here:
a chunk of flesh {@w0}; a frilled lizard skeleton
b - a chunk of flesh {@w0} The orc shouts!
The orc hits you with a +0 whip.
You take 1 damage, and have 33/38 hp.
The orc wizard gestures wildly while chanting.
The orc wizard flickers and vanishes!
Deactivating autopickup; reactivate with Ctrl-A.
You are confused.
The orc barely misses you.
There is an open door here.
Unknown command.
The orc hits you with a +0 whip.
You take 5 damage, and have 28/38 hp.
The orc barely misses you.
You feel less confused.
You sock the orc!
You kill the orc!
You hit the orc. The orc hits you with a +0 war axe.
You take 5 damage, and have 23/38 hp.
You sock the orc!
You kill the orc!
Your ring mail prevents you from hitting the goblin.
The goblin barely misses you. The goblin hits you with a +0 club.
You thump the goblin!
You kill the goblin!
An orc opens the door.
Items here: ))) [ a +0 club; a +0 war axe; a +0 leather armour; a +0 whip That's the wrong kind of item! (Use * to select it.)
Aim: an orc, wielding a +0 morningstar and wearing a cursed +0 scale mail
Okay, then.
A beastly little devil appears in a puff of flame.
You hear some strange, mumbled words.
A puff of flame appears from out of thin air!
The puff of flame hits you. You resist.
You take 4 damage, and have 19/38 hp.
You now have 9/11 mp.
Unknown command.
Aim: an orc, wielding a +0 morningstar and wearing a cursed +0 scale mail The puff of flame hits something.
Something hits you but does no damage.
You hit something. Something hits you.
You take 1 damage, and have 18/38 hp.
You miss something.
Something hits you but does no damage. x2
You hit something. Something hits you but does no damage.
MP restored: 11 You hit something.
You hear some strange, mumbled words.
A puff of flame appears from out of thin air!
The puff of flame hits you. You resist.
You take 3 damage, and have 16/38 hp.
You sock something!
Reactivating autopickup.
You feel a bit more experienced.
The orc wizard mumbles some strange words.
The orc wizard blinks!
You hear a shout!
You swap places.
The orc closely misses your crimson imp.
Your crimson imp hits the orc.
The orc wizard points at you and mumbles some strange words.
The magic dart hits you.
* * * LOW HITPOINT WARNING * * *
You take 6 damage, and have 10/38 hp.
Unknown command.
A beastly little devil appears in a puff of flame.
The orc hits your crimson imp with a +0 morningstar.
Your crimson imp barely misses the orc.
You now have 9/11 mp.
Unknown command.
Okay, then.
You feel agile all of a sudden.
The orc hits your crimson imp with a +0 morningstar!
Your crimson imp dies!
The orc wizard hits you but does no damage.
Your crimson imp barely misses the orc wizard.
Unknown command.
You closely miss the orc wizard. The orc wizard misses you.
Your crimson imp blinks!
Okay, then.
Okay, then.
Unknown command.
Okay, then.
Okay, then.
That item cannot be evoked!
Unknown command.
You closely miss the orc. The orc wizard closely misses you.
The orc hits you with a +0 morningstar!
* * * LOW HITPOINT WARNING * * *
The orc wizard closely misses you.
You take 7 damage, and have 3/38 hp.
Unknown command.
You hit the orc but do no damage. The orc closely misses you.
The orc wizard casts a spell at you. The magic dart hits you.
You die...

........................#........
.o......................#........
####....[...............o........
# #...##'###...........#o.>.....
# #......# #..........##........
# ###...## #..........##.......#
# #8...8# #..........##.......# #
##...#####'#####'####.......# #
#...# #..§o@oo.....'.......# #
##...###.#.#####.####.......# #
#⌠...8##[#.......#
######...###)################
....##...# #....)..##...#..)##
###.##...#########.#.........##
#.#8...8# #..........._#
#.##...## ###.........## #......#
##...#...##


You could see an orc wizard and 2 orcs.

Vanquished Creatures
  An orc priest (D:3)
  4 orc wizards (D:3)
  An adder (D:2)
  An ooze (D:1)
  A worm (D:2)
  A leopard gecko (D:3)
  4 orcs (D:3)
  2 ball pythons
  4 giant cockroaches
  7 goblins
  3 hobgoblins (D:2)
  4 bats
  6 frilled lizards
  6 kobolds
  5 rats
50 creatures vanquished.

Vanquished Creatures (collateral kills)
  2 adders (D:2)
  A worm (D:2)
  A giant cockroach (D:2)
  2 goblins (D:1)
  A hobgoblin (D:1)
  A bat (D:2)
  2 kobolds
  A rat (D:2)
11 creatures vanquished.

Grand Total: 61 creatures vanquished

Notes
Turn   | Place    | Note
-------+----------+-------------------------------------------
     0 | D:1      | Charmandara the Demigod Summoner began the quest for the
                  | Orb.
     0 | D:1      | Reached XP level 1. HP: 14/14 MP: 5/5
   149 | D:1      | Reached skill level 4 in Summonings
   552 | D:1      | Reached XP level 2. HP: 11/20 MP: 5/7
   556 | D:1      | Learned a level 2 spell: Call Imp
  1222 | D:2      | Reached XP level 3. HP: 19/26 MP: 6/8
  1777 | D:2      | Reached skill level 2 in Spellcasting
  1777 | D:2      | Reached skill level 5 in Summonings
  1926 | D:3      | Reached XP level 4. HP: 23/33 MP: 6/9
  2085 | D:3      | Found a basalt altar of Yredelemnul.
  2120 | D:3      | HP: 7/33 [orc priest/nerve-wracking pain (13)]
  2133 | D:3      | Reached XP level 5. HP: 25/38 MP: 11/11
  2239 | D:3      | HP: 3/38 [orc/+0 morningstar (8)]
  2240 | D:3      | Killed from afar by an orc wizard

Levels and vault maps discovered:
D:1:      shiori_arrival_oz, layout_basic, serial_curves, eino_curves_04,
          eino_curves_02, hangedman_glass_teeth
D:2:      layout_loops_ring
D:3:      layout_basic, bloody_makhleb, marbit_many_paths, serial_corexii_hall,
          corexii_hall_statues_l, corexii_hall_statues_i,
          corexii_hall_statues_i, corexii_hall_statues_i

Skill      XL: |  1  2  3 |
---------------+----------+-----
Summonings     | 4 5 |  5.8
Spellcasting   | 2 |  2.6
Dodging        | |  1.7
Stealth        | |  1.7

Action                   |  1- 3 |  4- 6 || total
-------------------------+-------+-------++-------
Melee: Short sword       |   113 |       ||   113
       Unarmed           |     6 |       ||     6
       Quarterstaff      |    29 |    37 ||    66
 Cast: Summon Small Mamm |     5 |       ||     5
       Call Imp          |    17 |     3 ||    20
Evoke: Wand              |       |     1 ||     1
  Use: Scroll            |     6 |       ||     6
       Potion            |     1 |     4 ||     5
 Stab: Sleeping          |     4 |       ||     4
  Eat: Chunk             |     4 |     2 ||     6
Armor: Robe              |    13 |       ||    13
       Ring mail         |    39 |    16 ||    55
Dodge: Dodged            |    95 |    14 ||   109

Levels and vault maps discovered:
D:1:      shiori_arrival_oz, layout_basic, serial_curves, eino_curves_04,
          eino_curves_02, hangedman_glass_teeth
D:2:      layout_loops_ring
D:3:      layout_basic, bloody_makhleb, marbit_many_paths, serial_corexii_hall,
          corexii_hall_statues_l, corexii_hall_statues_i,
          corexii_hall_statues_i, corexii_hall_statues_i

Table legend:
 A = Turns spent in this place as a percentage of turns spent in the entire game.
 B = Non-inter-level travel turns spent in this place as a percentage of non-inter-level travel turns spent in the entire game.
 C = Inter-level travel turns spent in this place as a percentage of turns spent in this place.
 D = Turns resting spent in this place as a percentage of non-inter-level travel turns spent in this place.
 E = Turns spent auto-exploring this place as a percentage of non-inter-level travel turns spent in this place.
 F = Non-inter-level travel turns spent in this place divided by the number of levels of this place that you've seen.
                   A       B       C       D       E      F
               +-------+-------+-------+-------+-------+----------------------
         Total | 100.0 | 100.0 |   0.3 |  29.3 |  43.6 | 744.3
       Dungeon | 100.0 | 100.0 |   0.3 |  29.3 |  43.6 | 744.3
               +-------+-------+-------+-------+-------+----------------------

Table legend:
 A = Kills in this place as a percentage of kills in entire the game.
 B = Kills by you in this place as a percentage of kills by you in the entire game.
 C = Kills by friends in this place as a percentage of kills by friends in the entire game.
 D = Other kills in this place as a percentage of other kills in the entire game.
 E = Experience gained in this place as a percentage of experience gained in the entire game.
 F = Experience gained in this place divided by the number of levels of this place that you have seen.
                   A       B       C       D       E      F
               +-------+-------+-------+-------+-------+----------------------
         Total | 100.0 | 100.0 | 100.0 |   N/A | 100.0 |  95.0
       Dungeon | 100.0 | 100.0 | 100.0 |   N/A | 100.0 |  95.0
               +-------+-------+-------+-------+-------+----------------------
